 Dungeon Crawl Stone Soup version 0.30.0-5-g1a98f26d00 (webtiles) character file.

Game seed: 1160826689441855633

100 browni3141 the Chiller (level 5, 0/36 HPs)
             Began as a Formicid Ice Elementalist on May 11, 2023.
             Slain by an orc
             ... wielding a +0 club
              (3 damage)
             ... on level 3 of the Dungeon.
             The game lasted 00:03:55 (2124 turns).

browni3141 the Chiller (Formicid Ice Elementalist)  Turns: 2124, Time: 00:03:55

Health: 0/36       AC:  2    Str: 11 (13) XL:     5   Next: 3%
Magic:  2/9        EV: 12    Int: 13 (16) God:
Gold:   98         SH:  0    Dex: 11 (14) Spells: 3/10 levels left

rFire   . . .        M - +2 rapier (speed)
rCold   . . .        (no shield)
rNeg    . . .        a - +0 robe
rPois   .            (helmet unavailable)
rElec   .            (no cloak)
rCorr   .            (no gloves)
SInv    +            (no boots)
Will    .....        (no amulet)
Stlth   ++           (no ring)
HPRegen 0.26/turn    (no ring)
MPRegen 0.11/turn

%: no passive effects
@: brilliant, freezing walls, attractive
A: permanent stasis, dig shafts and tunnels, antennae 3, four strong arms
a: Dig, Shaft Self


You were on level 3 of the Dungeon.
You visited 1 branch of the dungeon, and saw 3 of its levels.

You collected 98 gold pieces.

Inventory:

Hand Weapons
 M - a +2 rapier of speed (weapon)
Missiles
 J - 5 poisoned darts
 T - 4 boomerangs of dispersal
Armour
 a - a +0 robe (worn)
Scrolls
 n - a scroll of teleportation {unknown}
 q - 5 scrolls of identify {unknown}
 t - 2 scrolls of poison {unknown}
 u - a scroll of noise {unknown}
 v - a scroll of torment {unknown}
 w - a scroll of enchant armour {unknown}
 K - 3 scrolls of amnesia {unknown}
 L - a scroll of blinking {unknown}
Potions
 h - 3 potions of haste
 m - a potion of magic
 s - a potion of degeneration


   Skills:
 + Level 0.8 Fighting
 * Level 0.9 Short Blades
 - Level 2.3 Dodging
 - Level 3.3 Stealth
 + Level 3.0 Spellcasting
 * Level 4.6 Ice Magic


You had 3 spell levels left.
You knew the following spells:

 Your Spells              Type           Power      Damage    Failure   Level
o - Ozocubu's Armour      Ice            21%        N/A       10%         3
r - Frozen Ramparts       Ice            42%        1d7       10%         3
z - Freeze                Ice            84%        1d9       3%          1

Your spell library contained the following spells:

 Spells                   Type           Power      Damage    Failure   Level
 Summon Ice Beast         Ice/Summ       12%        N/A       65%         4


Dungeon Overview and Level Annotations

Branches:
Dungeon (3/15)

Altars:


Innate Abilities, Weirdness & Mutations

You cannot be hasted, slowed, berserked, paralysed or teleported.
You can dig through walls and to a lower floor.
You have a pair of large antennae on your head. (SInv)
Your four strong arms can wield two-handed weapons with a shield.


Message History

There is an open door here.
The helpless kobold fails to defend itself.
You puncture the kobold!
You kill the kobold!
You sense a monster nearby.
You now have 98 gold pieces (gained 11).
You open the door.
An orc and a goblin come into view.
Found a stone staircase leading down.
There are monsters nearby! 2 orcs, an orc wizard and an orc priest come into view.
The orc wizard shouts!
The orc shouts! x2; The goblin shouts!
The goblin unwields a +0 club.
The goblin wields a +0 sling.
The goblin shoots a sling bullet.
The sling bullet hits you.
The orc shouts!
You hear an angry hiss.
There is an open door here.
Casting: Freeze (safe; 3% risk of failure)
Confirm with . or Enter, or press ? or * to list all spells.
Okay, then.
You freeze the orc wizard!
The orc wizard is heavily wounded.
The orc priest shouts!
The orc priest mumbles some strange prayers to Beogh against you.
Beogh smites you!
* * * LOW HITPOINT WARNING * * *
The orc wizard gestures at you while chanting.
The puff of flame misses you.
You are too injured to fight recklessly!
Aiming: Freeze (safe; 3% risk of failure)
Press: ? - help, Q - select action, (/) - cycle Shift-Dir - straight line, f/p - orc wizard
Aim: an orc wizard, wielding a +0 dagger and wearing a +0 robe (heavily wounded)
You freeze the orc wizard.
The orc wizard is severely wounded.
The orc priest looks encouraged for a moment.
The orc wizard hits you with a +0 dagger.
* * * LOW HITPOINT WARNING * * *
Aiming: Freeze (safe; 3% risk of failure)
Press: ? - help, Q - select action, (/) - cycle Shift-Dir - straight line, f/p - orc wizard
Aim: an orc wizard, wielding a +0 dagger and wearing a +0 robe (severely wounded)
You freeze the orc wizard.
The orc wizard is almost dead.
The orc wizard misses you.
Aiming: Freeze (safe; 3% risk of failure)
Press: ? - help, Q - select action, (/) - cycle Shift-Dir - straight line, f/p - orc wizard
Aim: an orc wizard, wielding a +0 dagger and wearing a +0 robe (almost dead)
You freeze the orc wizard.
You kill the orc wizard!
Your Spellcasting skill increases to level 3!
Casting: Freeze (safe; 2% risk of failure)
Confirm with . or Enter, or press ? or * to list all spells.
The spell is quite dangerous to miscast (9% risk of failure)!
Continue anyway?
Casting: Frozen Ramparts (quite dangerous; 9% risk of failure)
Press: ? - help, Dir - look around, f - activate The walls around you are covered in ice.
The wall freezes the orc priest.
The orc priest looks satisfied for a moment.
The wall freezes the orc but does no damage.
The wall freezes the goblin.
You barely miss the orc.
The wall freezes the orc priest but does no damage.
The orc priest mumbles some strange prayers to Beogh against you.
Beogh smites you!
* * * LOW HITPOINT WARNING * * *
The wall freezes the orc.
It was a potion of haste.
Your stasis prevents you from being hasted.
h - 3 potions of haste The wall freezes the goblin.
The wall freezes the orc but does no damage.
The orc hits you with a +0 club.
* * * LOW HITPOINT WARNING * * *
The wall freezes the orc priest but does no damage.
The wall freezes the orc.
Unknown command.
It was a potion of degeneration.
There was something very wrong with that liquid.
You feel weakened.
You feel dopey.
You feel clumsy.
The wall freezes the goblin.
You kill the goblin!
The wall freezes the orc priest.
The wall freezes the orc.
You kill the orc!
The wall freezes the orc.
The orc closely misses you.
The wall freezes the orc.
You have reached level 5!
It was a potion of attraction.
You feel attractive to monsters.
The wall freezes the orc.
The wall freezes the orc priest but does no damage.
The orc priest calls upon Beogh to heal the orc.
The orc's wounds heal themselves!
The wall freezes the orc but does no damage.
The orc hits you with a +0 club.
* * * LOW HITPOINT WARNING * * *
Unknown command.
It was a potion of brilliance.
You feel clever all of a sudden.
The wall freezes the orc priest but does no damage.
The wall freezes the orc!
The wall freezes the orc but does no damage.
The orc hits you with a +0 club.
You die...

#......... ####
#......... #... ........
#..o #....# #..o #....#
#.#... #....#
#>....#######....########
#....ooo@........'.......
#.#...#######)...########
#.#. #....#....... .. #.
#....#....... #. {##
######.....#. .. #####...
. #####... #....[..
#.......


You could see an orc priest and 2 orcs.

Vanquished Creatures
  An orc wizard (D:3)
  3 adders
  A dart slug (D:3)
  3 orcs
  3 ball pythons
  3 bats
  An endoplasm (D:1)
  2 giant cockroaches (D:1)
  2 goblins
  3 hobgoblins
  10 jackals
  A quokka (D:1)
  3 frilled lizards
  3 kobolds
  2 rats
41 creatures vanquished.

Notes
Turn   | Place    | Note
-------+----------+-------------------------------------------
     0 | D:1      | browni3141 the Formicid Ice Elementalist began the quest
                  | for the Orb.
     0 | D:1      | Reached XP level 1. HP: 13/13 MP: 3/3
   180 | D:1      | Reached XP level 2. HP: 18/19 MP: 1/5
   825 | D:1      | Reached skill level 3 in Stealth
   825 | D:1      | Reached XP level 3. HP: 17/24 MP: 1/6
  1771 | D:3      | Found a faded altar of an unknown god.
  1814 | D:3      | Learned a level 3 spell: Frozen Ramparts
  1818 | D:3      | Learned a level 3 spell: Ozocubu's Armour
  1831 | D:3      | Reached XP level 4. HP: 30/30 MP: 3/8
  2118 | D:3      | Reached skill level 3 in Spellcasting
  2123 | D:3      | Reached XP level 5. HP: 3/36 MP: 1/9
  2124 | D:3      | Slain by an orc

Illustrated notes

Levels and vault maps discovered:
D:1:      mrwooster_arrival_statue_3, layout_basic, st_stairs_12, minivault_5
D:2:      layout_rooms, minmay_door_square, uniq_terence
D:3:      layout_basic, hellmonk_ecumenical_altar_blasted,
          uniq_crazy_yiuf_cottage

Skill      XL: |  1  2  3  4 |
---------------+-------------+-----
Dodging        | 2 |  2.3
Stealth        | 3 |  3.3
Spellcasting   | 3 |  3.0
Fighting       | |  0.8
Short Blades   | |  0.9
Ice Magic      | |  4.6

Action                     |  1- 3 |  4- 6 || total
---------------------------+-------+-------++-------
  Melee: Unarmed           |    21 |    16 ||    37
         Rapier            |       |     2 ||     2
   Cast: Freeze            |    48 |    12 ||    60
         Frozen Ramparts   |     1 |     2 ||     3
    Use: Potion            |       |     4 ||     4
   Stab: Sleeping          |       |     1 ||     1
 Armour: Robe              |    19 |     4 ||    23
  Dodge: Dodged            |    45 |    17 ||    62
